 Dungeon Crawl Stone Soup version 0.29-a0-982-gaed3a0c8d8 (webtiles) character file.

Game seed: 1387749844495673950

1038 Aneyh the Carver (level 8, -1/46 HPs)
             Began as a Tengu Monk on Aug 2, 2022.
             Slain by Pikel
             ... wielding a +1 whip of freezing
              (2 damage)
             ... on level 4 of the Dungeon.
             The game lasted 00:13:43 (6829 turns).

Aneyh the Carver (Tengu Monk)                       Turns: 6829, Time: 00:13:44

Health: -1/46      AC:  6    Str: 18    XL:     8   Next: 24%
Magic:  9/9        EV: 19    Int: 15    God:
Gold:   227        SH:  0    Dex: 20    Spells: 7/7 levels left

rFire   . . .      SeeInvis .   a - +0 long sword
rCold   . . .      Faith    .   (no shield)
rNeg    . . .      Spirit   .   w - +4 robe of Augmentation {Str+4 Int+4 Dex+4}
rPois   .          Reflect  .   (helmet restricted)
rElec   .          Harm     .   (no cloak)
rCorr   .          Rampage  .   (no gloves)
Will    .....                   (boots unavailable)
Stlth   +.........              (no amulet)
HPRegen 0.15/turn               (no ring)
MPRegen 0.11/turn               (no ring)

@: confused, flying quickly and evasively, quick
A: beak, talons 3, nimble flight
a: no special abilities


You were on level 4 of the Dungeon.
You visited 1 branch of the dungeon, and saw 5 of its levels.
You also visited: Sewer and Ossuary.

You collected 227 gold pieces.

Inventory:

Hand Weapons
 a - a +0 long sword (weapon)
 b - a +0 dagger of venom
 r - a +0 falchion
 u - a +0 dagger of holy wrath
 B - a +3 dagger
Missiles
 j - 13 poisoned darts (quivered)
Armour
 l - a +0 ring mail
 n - a +0 robe
 w - the +4 robe of Augmentation (worn) {Str+4 Int+4 Dex+4}
   (You found it on level 3 of the Dungeon)

   Str:       It affects your strength (+4).
   Int:       It affects your intelligence (+4).
   Dex:       It affects your dexterity (+4).
Magical Staves
 h - a staff of earth
 k - a staff of conjuration
 q - a staff of fire
Jewellery
 E - a ring of protection from cold
Wands
 z - a wand of flame (28)
 D - a wand of digging (7)
Scrolls
 e - a scroll of enchant weapon {unknown}
 f - 7 scrolls of identify {unknown}
 g - 5 scrolls of teleportation {unknown}
 m - a scroll of noise {unknown}
 y - a scroll of enchant armour {unknown}
 A - 2 scrolls of butterflies {unknown}
 C - a scroll of amnesia {unknown}
Potions
 c - 3 potions of mutation {unknown}
 d - a potion of invisibility {unknown}
 i - a potion of lignification {unknown}
 o - 5 potions of heal wounds {unknown}
 p - 6 potions of curing {unknown}
 s - a potion of resistance {unknown}
 t - 3 potions of attraction {unknown}
 v - 2 potions of cancellation {unknown}
 x - a potion of ambrosia


   Skills:
 - Level 3.0 Fighting
 + Level 9.6 Long Blades
 + Level 5.8 Dodging
 - Level 2.0 Stealth


You had 7 spell levels left.
You didn't know any spells.
Your spell library contained the following spells:

 Spells                   Type           Power      Damage    Failure   Level
 Ensorcelled Hibernation  Hex/Ice        0%         N/A       38%         2
 Passwall                 Tmut/Erth      0%         N/A       38%         2
 Ignite Poison            Fire/Tmut/Pois 0%         N/A       63%         3
 Mephitic Cloud           Conj/Pois/Air  0%         N/A       63%         3
 Ozocubu's Armour         Ice            0%         N/A       63%         3
 Swiftness                Air            0%         N/A       63%         3
 Freezing Cloud           Conj/Ice/Air   0%         6-21      100%        5
 Metabolic Englaciation   Hex/Ice        0%         N/A       100%        5
 Simulacrum               Ice/Necr       0%         N/A       100%        6


Dungeon Overview and Level Annotations

Branches:
Dungeon (5/15)              Sewer (visited)         Ossuary (visited)
 Temple: D:4-7

Altars:
Fedhas

Shops:
D:3 ?

Annotations:
D:4 3 runed translucent doors, BleedingAnus's ghost, amateur HOMo; Pikel


Innate Abilities, Weirdness & Mutations

You have a beak for a mouth.
You have claws for feet.
Your magical nature lets you fly swiftly and evasively.


Message History

You bump into the rock wall.
Pikel zaps a wand.
Your will is overpowered!
You are more confused.
You hit Pikel. Your kick misses Pikel. Your peck misses Pikel.
Pikel is moderately wounded.
Pikel zaps a wand.
Your will is overpowered!
You are more confused.
You bump into the rock wall.
Pikel zaps a wand.
You resist with some effort.
You bump into the rock wall.
Pikel says, "Time is money, and you're costing me too much!"
Pikel hits you with a +1 whip of freezing.
Pikel freezes you.
You bump into the rock wall.
Pikel zaps a wand.
Your will is overpowered!
You are more confused.
The now-empty wand crumbles to dust.
You're too confused to move!
Pikel barely misses you.
You bump into the rock wall.
Pikel barely misses you.
You slash Pikel! You claw Pikel, but do no damage.
Pikel is severely wounded.
Pikel barely misses you.
You miss Pikel. You claw Pikel. You peck Pikel, but do no damage.
Pikel is severely wounded.
Pikel hits you with a +1 whip of freezing!
* * * LOW HITPOINT WARNING * * *
Pikel freezes you.
* * * LOW HITPOINT WARNING * * *
You bump into the rock wall.
Pikel completely misses you. Pikel completely misses you.
There is a stone staircase leading down here.
You barely miss Pikel. You claw Pikel.
Pikel is severely wounded.
Pikel closely misses you.
You barely miss Pikel. Your peck misses Pikel.
Pikel is severely wounded.
Pikel completely misses you.
You closely miss Pikel. Your kick misses Pikel.
Pikel is severely wounded.
Pikel hits you with a +1 whip of freezing!
* * * LOW HITPOINT WARNING * * *
Pikel freezes you.
You die...

...#.###.......###<##..##.#
##.#.# ##.....## #.###.##.#
##.#.# ##...## #.###.##.# ##
.....# ##'## #........# #. ##.###
#.# #####.#### #. #.# ##.## #.#
##### ##.# ##...## #.# ####.#.#
...# #.....########.###..#Z...
#### ##.......@K..........+W...
########<.....###########...+Z..:
..............# ##..+Z..?
########..#.#.# #..#.... #....#.#
####.#.# #.##.#.# ##### #.##.#.#
########......##### ##
...<..............# ##.


You could see Pikel.

Vanquished Creatures
  An ogre (D:4)
  4 kobold brigands (Sewer)
  An elf zombie (Ossuary)
  A scorpion (D:4)
  A hound (D:5)
  A centaur zombie (Ossuary)
  A human zombie (Ossuary)
  An orc priest (D:3)
  An iguana (D:5)
  Ijyb (D:3)
  2 mummies (Ossuary)
  5 gnolls
  13 adders
  4 river rats (Sewer)
  2 ufetubi (D:4)
  4 worms
  3 dart slugs
  4 orcs (D:3)
  6 endoplasms
  6 giant cockroaches
  5 goblins
  11 hobgoblins
  8 jackals
  11 kobolds
  6 quokkas
  10 ball pythons
  4 bats
  3 frilled lizards (D:1)
  3 goblin zombies (Ossuary)
  10 hobgoblin zombies (Ossuary)
  A jackal zombie (Ossuary)
  9 kobold zombies (Ossuary)
  10 orc zombies (Ossuary)
  9 rats
  A rat zombie (Ossuary)
163 creatures vanquished.

Vanquished Creatures (others)
  A fungus (D:3)
  6 plants (Sewer)
7 creatures vanquished.

Grand Total: 170 creatures vanquished

Notes
Turn   | Place    | Note
-------+----------+-------------------------------------------
     0 | D:1      | Aneyh the Tengu Monk began the quest for the Orb.
     0 | D:1      | Reached XP level 1. HP: 14/14 MP: 2/2
    98 | D:1      | Reached XP level 2. HP: 19/19 MP: 3/3
   649 | D:1      | Reached skill level 4 in Long Blades
   649 | D:1      | Reached XP level 3. HP: 20/23 MP: 4/4
  1808 | D:2      | Reached XP level 4. HP: 19/28 MP: 5/5
  2049 | D:2      | Reached skill level 5 in Long Blades
  2778 | D:3      | Gained mutation: Your magical nature lets you fly swiftly
                  | and evasively. [Tengu growth]
  2778 | D:3      | Reached XP level 5. HP: 23/32 MP: 6/6
  2818 | D:3      | Found a faded altar of an unknown god.
  2839 | D:3      | Found Tauzxiz's Magic Scroll Emporium.
  2844 | D:3      | Noticed Ijyb
  2866 | D:3      | Killed Ijyb
  2947 | D:3      | Reached skill level 6 in Long Blades
  3047 | D:3      | Found a glowing drain.
  3054 | Sewer    | Entered a sewer
  3069 | Sewer    | Noticed a kobold brigand
  3088 | Sewer    | Killed a kobold brigand
  3089 | Sewer    | Reached XP level 6. HP: 34/37 MP: 7/7
  3288 | Sewer    | Reached skill level 7 in Long Blades
  3759 | Sewer    | Reached XP level 7. HP: 21/41 MP: 8/8
  4132 | Sewer    | Reached skill level 5 in Dodging
  4226 | D:3      | Reached skill level 8 in Long Blades
  4390 | D:3      | Found the +4 robe of Augmentation {Str+4 Int+4 Dex+4}
  4737 | D:3      | Found a blossoming altar of Fedhas.
  5331 | D:4      | Found a sand-covered staircase.
  5340 | Ossuary  | Entered an ossuary
  6170 | D:4      | Found a runed translucent gate.
  6170 | D:4      | Found a runed translucent gate.
  6170 | D:4      | Found a runed translucent gate.
  6176 | D:4      | Noticed BleedingAnus's ghost (amateur HOMo)
  6341 | D:4      | Reached skill level 9 in Long Blades
  6341 | D:4      | Reached XP level 8. HP: 33/46 MP: 9/9
  6708 | D:5      | Entered Level 5 of the Dungeon
  6741 | D:5      | Noticed Pikel
  6829 | D:4      | HP: 1/46 [Pikel/+1 whip of freezing (10)]
  6829 | D:4      | Slain by Pikel

Illustrated notes

Levels and vault maps discovered:
D:1:      dpeg_arrival_boxorama, layout_basic
D:2:      layout_loops_corners
D:3:      minmay_inner_zag, layout_loops_ring, fedhas_altar_4,
          gup_sewer_entry_pipe, shapermc_ecumenical_altar_mp_ritualfount,
          serial_shops, nicolae_shop_crystal, kennysheep_generic_room_6,
          uniq_ijyb
D:4:      layout_loops_corners, gammafunk_ghost_necromancy,
          chequers_ossuary_entry_cave
D:5:      layout_basic, serial_shops, shop, minmay_shop_mayhem, uniq_menkaure,
          uniq_pikel

Skill      XL: |  1  2  3  4  5  6  7 |
---------------+----------------------+-----
Long Blades    | 4 5 6 7 9 |  9.6
Dodging        | 4 5 |  5.8
Fighting       | |  3.0
Stealth        | |  2.0

Action                   |  1- 3 |  4- 6 |  7- 9 || total
-------------------------+-------+-------+-------++-------
Melee: Falchion          |    70 |    77 |       ||   147
       Peck              |     6 |    29 |    39 ||    74
       Kick              |    12 |    49 |    67 ||   128
       Punch             |       |     4 |       ||     4
       Long sword        |       |    53 |   201 ||   254
       Dagger            |       |    22 |     8 ||    30
Throw: Dart              |       |     3 |       ||     3
  Use: Potion            |       |     1 |       ||     1
 Stab: Sleeping          |     7 |     2 |     9 ||    18
Armor: Robe              |     8 |     5 |    28 ||    41
       Ring mail         |       |    27 |     8 ||    35
Dodge: Dodged            |    44 |    92 |   171 ||   307

Table legend: (Time is in decaauts)
 A = Elapsed time spent in this place.
 B = Non-inter-level travel time spent in this place.
 C = Inter-level travel time spent in this place.
 D = Time resting spent in this place.
 E = Time spent auto-exploring this place.
 F = Levels seen in this place.
 G = Mean time per level.
                   A        B        C        D        E       F      G
               +--------+--------+--------+--------+--------+-----+--------+
         Total |   6586 |   6342 |    244 |   1083 |   3919 |   7 |  940.9 |
       Dungeon |   5097 |   4853 |    244 |    426 |   3382 |   5 | 1019.4 |
         Sewer |   1105 |   1105 |      0 |    535 |    412 |   1 | 1105.0 |
       Ossuary |    383 |    383 |      0 |    122 |    125 |   1 |  383.0 |
               +--------+--------+--------+--------+--------+-----+--------+

Top non-repeatable levels by time:
     D:2: 1414 daAuts
     D:1: 1336 daAuts
     D:3: 1265 daAuts
   Sewer: 1105 daAuts
     D:4: 1023 daAuts
 Ossuary: 383 daAuts
     D:5: 58 daAuts
